 Dungeon Crawl Stone Soup version 0.22-a0-322-g60b3cfd (webtiles) character file.

22 Flooderbenga the Grave Robber (level 2, 0/19 HPs)
             Began as a Barachi Necromancer on Apr 3, 2018.
             Slain by an orc
             ... wielding a +0 war axe
              (7 damage)
             ... on level 3 of the Dungeon.
             The game lasted 00:17:24 (301 turns).

Flooderbenga the Grave Robber (Barachi Necromancer)  Turns: 301, Time: 00:17:25

Health: 0/19       AC:  4    Str:  9    XL:     2   Next: 91%
Magic:  3/5        EV: 13    Int: 15    God:
Gold:   61         SH:  0    Dex: 12    Spells: 4/6 levels left

rFire    . . .     SeeInvis .   h - +2 short sword (venom)
rCold    . . .     Gourm    .   (no shield)
rNeg     . . .     Faith    .   a - +0 robe
rPois    .         Spirit   .   (no helmet)
rElec    .         Reflect  .   (no cloak)
rCorr    .         Harm     .   e - +1 pair of gloves
MR       .....                  (no boots)
Stlth    +++.......             (no amulet)
HPRegen  0.06/turn              (no ring)
MPRegen  0.09/turn              (no ring)

@: slow
A: +LOS, swims, camouflage 1, mutation resistance 1, slowness 1, strong legs 1
a: Hop


You were on level 3 of the Dungeon.
You were not hungry.

You visited 1 branch of the dungeon, and saw 4 of its levels.

You collected 61 gold pieces.

Inventory:

Hand Weapons
 h - a +2 short sword of venom (weapon)
Missiles
 d - 15 stones (quivered)
Armour
 a - a +0 robe (worn)
 e - a +1 pair of gloves (worn)
Scrolls
 r - a scroll of identify {@r1}
Comestibles
 c - a ration


   Skills:
 + Level 2.6 Dodging
 + Level 2.1 Stealth
 + Level 2.5 Spellcasting
 + Level 3.8 Necromancy


You had 4 spell levels left.
You knew the following spells:

 Your Spells              Type           Power        Failure   Level  Hunger
a - Pain                  Necr           ##..         4%          1    #......
z - Animate Skeleton      Necr           N/A          4%          1    #......


Dungeon Overview and Level Annotations

Branches:
Dungeon (4/15)
 Temple: D:4-7

Altars:


Innate Abilities, Weirdness & Mutations

Shadows flee at your approach. (+LOS)
You can swim through water.
You cover ground slowly.
You can hop short distances.
Your skin changes colour to match your surroundings (Stealth+).
You are somewhat resistant to further mutation.


Message History

There is an open door here.
An orc comes into view. It is wielding a war axe.
The orc shouts!
An orc is nearby!
You can't see any susceptible monsters within range! (Use Z to cast anyway.) Unknown command.
An adder comes into view.
You can't see any susceptible monsters within range! (Use Z to cast anyway.)
You open the door.
An orc comes into view. It is wielding a dagger.
Aim: an orc, wielding a war axe (chance to defeat MR: 83%)
The orc writhes in agony!
You take 1 damage, and have 7/19 hp.
You now have 3/5 mp.
Aim: an adder (chance to defeat MR: 77%)
The adder writhes in agony!
You closely miss the orc.
Your ball python skeleton barely misses the orc.
Your ball python skeleton closely misses the orc.
The orc hits you with a war axe!
You die...

.....)........
..............
#+####........... #.#
#........... #.#
#........... ###### #.#
#...........
......###'####..........>
####.....................
........@Z......###'#####
###.....oS......###.#####
#.............##.......
#.#.###o########.%..... #
#. #.# ##....... # #.#
#........ #.# #......##
#.# #<.....# #.# #......#


You could see an adder, 2 orcs and a friendly ball python skeleton.

Vanquished Creatures
  An adder (D:4)
  2 ball pythons
  A bat (D:1)
  2 goblins
  2 hobgoblins (D:3)
  A kobold (D:2)
  A frilled lizard (D:1)
  A jackal skeleton (D:4)
  2 rats
13 creatures vanquished.

Notes
Turn   | Place    | Note
-------+----------+-------------------------------------------
     0 | D:1      | Flooderbenga the Barachi Necromancer began the quest for the Orb.
     0 | D:1      | Reached XP level 1. HP: 13/13 MP: 3/3
     2 | D:1      | Learned a level 1 spell: Animate Skeleton
   168 | D:2      | Reached XP level 2. HP: 15/19 MP: 3/5
   251 | D:4      | Gained mutation: You are somewhat resistant to further mutation. [potion of mutation]
   251 | D:4      | Gained mutation: Your skin changes colour to match your surroundings (Stealth+). [potion of mutation]
   260 | D:4      | Noticed a howler monkey
   301 | D:3      | Slain by an orc

Vault maps used:
D:1:      onia_arrival_mini_spirals
D:2:      serial_bayou_lake_a
D:4:      minmay_wonky_spiral, grunt_temple_overflow_magic_moments,
          grunt_temple_overflow_open, temple_doors_e, minmay_crystal_room

Skill      XL: |  1 |
---------------+----+-----
Stealth        | 2 |  2.1
Dodging        | |  2.6
Spellcasting   | |  2.5
Necromancy     | |  3.8

Action                   || total
-------------------------++-------
Melee: Unarmed           ||     2
       Short sword       ||     5
Throw: Stone             ||     2
 Cast: Pain              ||    22
       Animate Skeleton  ||     2
  Use: Scroll            ||     1
       Potion            ||     1
Armor: Robe              ||     1
Dodge: Dodged            ||     7

Table legend:
 A = Spawn XP
 B = Non-spawn XP
 C = Spawn XP percentage of total XP
 D = Spawn monster count
 E = Non-spawn monster count
 F = Spawn count percentage of total count
 G = Total turns spent on level
                    A         B        C        D         E        F      G
               +---------+---------+-------+---------+---------+-------+---------
         Total |       0 |      32 |   0.0 |       0 |      13 |   0.0 |   301
               +---------+---------+-------+---------+---------+-------+---------
           D:1 |       0 |       6 |   0.0 |       0 |       4 |   0.0 |   109
           D:2 |       0 |       5 |   0.0 |       0 |       3 |   0.0 |    68
           D:3 |       0 |       7 |   0.0 |       0 |       4 |   0.0 |    92
           D:4 |       0 |      14 |   0.0 |       0 |       2 |   0.0 |    32
               +---------+---------+-------+---------+---------+-------+---------
